 Dungeon Crawl Stone Soup version 0.28-a0-938-gbc3f381ebc (webtiles) character file.

Game seed: 12895666226500597436

0 BinkBink the Ducker (level 1, -10/11 HPs)
             Began as a Spriggan Abyssal Knight on Nov 28, 2021.
             Was a Follower of Lugonu.
             Mangled by a thrashing horror (16 damage)
             ... on level 1 of the Abyss.
             The game lasted 00:00:32 (105 turns).

BinkBink the Ducker (Spriggan Abyssal Knight)        Turns: 105, Time: 00:00:32

Health: -10/11     AC:  2    Str:  9    XL:     1   Next: 0%
Magic:  3/3        EV: 17    Int: 11    God:    Lugonu [*.....]
Gold:   0          SH:  0    Dex: 15    Spells: 0/0 levels left

rFire   . . .      SeeInvis +   a - +1 short sword
rCold   . . .      Faith    .   (shield restricted)
rNeg    . . .      Spirit   .   b - +0 robe
rPois   .          Reflect  .   (helmet restricted)
rElec   .          Harm     .   (no cloak)
rCorr   .          Rampage  .   (gloves unavailable)
Will    .....                   (boots unavailable)
Stlth   +.........              (no amulet)
HPRegen 0.03/turn               (no ring)
MPRegen 0.08/turn               (no ring)

@: very quick
A: very small, no large weapons, unfitting armour, see invisible, speed 3
a: Renounce Religion, Depart the Abyss


You were on level 1 of the Abyss.
You worshipped Lugonu.
Lugonu was aware of your devotion.
You visited 0 branches of the dungeon, and saw 0 of its levels.
You visited the Abyss 1 time.

Inventory:

Hand Weapons
 a - a +1 short sword (weapon)
Armour
 b - a +0 robe (worn)


   Skills:
 + Level 2.4 Fighting
 + Level 2.1 Short Blades
 + Level 3.2 Dodging
 + Level 1.7 Invocations


You couldn't memorise any spells.
You didn't know any spells.
Your spell library was empty.

Dungeon Overview and Level Annotations

Branches:
Dungeon (0/15)

Altars:


Innate Abilities, Weirdness & Mutations

You are very small and have problems with some larger weapons.
You are too small for most types of armour.
You have supernaturally acute eyesight. (SInv)
You cover ground extremely quickly. (Speed+++)


Message History

Welcome, BinkBink the Spriggan Abyssal Knight.
The legendary Orb of Zot lies far below, as if waiting for you to find it.
Lugonu says: Depart the Abyss and spread corruption, my servant! (use the ability menu to exit the Abyss) Press ? for a list of commands and other information.
Found a corrupted altar of Lugonu.
Found an ornate altar of the Wu Jian Council.
Found a gateway leading deeper into the Abyss.
Found a gateway leading out of the Abyss.
There is a gateway leading deeper into the Abyss here.
A tentacled starspawn emerges from chaos.
A tentacle flies out from the starspawn's body!
A starspawn tentacle comes into view.
The thrashing horror roars!
The thrashing horror closely misses you.
The thrashing horror tramples you.
You hold your ground!
A tentacle flies out from the starspawn's body!
A starspawn tentacle comes into view.
The thrashing horror misses you. x2
Found a viscous orange potion.
Found 8 gold pieces.
The thrashing horror closely misses you.
The thrashing horror tramples you.
You stumble backwards!
The thrashing horror misses you.
The thrashing horror closely misses you.
The thrashing horror tramples you!
Ouch! That really hurt!
You die...

... .## #.. ..# .#
...##.. #..##.# .....
.....# .... ..... #..
#..# ...##..##..###
.......@.....#.#
.##.....X......#
###..##..##..#
##..##..### ## #
..........####. ..##
#....!.......#.#..#.#
###..##..##..#
#.##.## #..
#..###...###...# ...
.......##.#..##..


You could see a thrashing horror.

Vanquished Creatures (others)
  4 starspawn tentacles (Abyss:1)
4 creatures vanquished.

Notes
Turn   | Place    | Note
-------+----------+-------------------------------------------
     0 | Abyss:1  | BinkBink the Spriggan Abyssal Knight began the quest for
                  | the Orb.
     0 | Abyss:1  | Reached XP level 1. HP: 11/11 MP: 3/3
     7 | Abyss:1  | Found an ornate altar of the Wu Jian Council.
    60 | Abyss:1  | Noticed a tentacled starspawn
    67 | Abyss:1  | Noticed a thrashing horror
   105 | Abyss:1  | Mangled by a thrashing horror

Illustrated notes

Levels and vault maps discovered:
Abyss:1:  base: Temple, base:
Temple

Action                   || total
-------------------------++-------
Dodge: Dodged            ||     6

Table legend: (Time is in decaauts)
 A = Elapsed time spent in this place.
 B = Non-inter-level travel time spent in this place.
 C = Inter-level travel time spent in this place.
 D = Time resting spent in this place.
 E = Time spent auto-exploring this place.
 F = Levels seen in this place.
 G = Mean time per level.
                   A        B        C        D        E       F      G
               +--------+--------+--------+--------+--------+-----+--------+
         Total |     63 |     63 |      0 |      0 |     34 |   1 |   63.0 |
         Abyss |     63 |     63 |      0 |      0 |     34 |   1 |   63.0 |
               +--------+--------+--------+--------+--------+-----+--------+

Top non-repeatable levels by time:
 Abyss:1: 63 daAuts
